 Dungeon Crawl Stone Soup version 0.21.1-1-g345015fe64 (webtiles) character file.

44 Ivernyr the Charmwright (level 3, -1/27 HPs)
             Began as a Demonspawn Skald on Apr 28, 2018.
             Slain by Terence
             ... wielding a +0 falchion
              (3 damage)
             ... on level 2 of the Dungeon.
             The game lasted 00:04:48 (1954 turns).

Ivernyr the Charmwright (Demonspawn Skald)          Turns: 1954, Time: 00:04:48

Health: -1/27      AC:  4    Str: 11    XL:     3   Next: 39%
Magic:  3/6        EV: 12    Int: 14    God:
Gold:   87         SH:  0    Dex: 13    Spells: 1/6 levels left

rFire    . . .     SeeInvis .   a - +0 dagger (curse)
rCold    . . .     Gourm    .   (no shield)
rNeg     . . .     Faith    .   b - +1 leather armour
rPois    .         Spirit   .   (no helmet)
rElec    .         Reflect  .   (no cloak)
rCorr    .         Harm     .   (no gloves)
MR       .....                  (no boots)
Stlth    ++........             (no amulet)
HPRegen  0.09/turn              (no ring)
MPRegen  0.10/turn              (no ring)

@: very slightly contaminated
A: talons 1, nightstalker 1
a: no special abilities


You were on level 2 of the Dungeon.
You were hungry.

You visited 1 branch of the dungeon, and saw 2 of its levels.

You collected 87 gold pieces.

Inventory:

Hand Weapons
 a - a cursed +0 dagger (weapon)
 g - a cursed -1 short sword
Armour
 b - a +1 leather armour (worn)
Scrolls
 j - a scroll of fog
Potions
 e - 3 potions of curing {unknown}
 f - 3 potions of brilliance {unknown}
 h - a potion of degeneration {unknown}
 i - a potion of mutation {unknown}
 k - a potion of invisibility {unknown}
Books
 c - a book of Battle

   Spells                             Type                      Level
   a - Infusion                       Charms                       1
   b - Shroud of Golubria             Charms/Translocation         2
   c - Song of Slaying                Charms                       2
   d - Spectral Weapon                Hexes/Charms                 3
   e - Regeneration                   Charms/Necromancy            3
Comestibles
 d - 8 rations


   Skills:
 - Level 2.1 Fighting
 + Level 0.7(1.4) Short Blades
   Level 1.9(2.0) Long Blades
 + Level 1.6 Armour
 - Level 1.7 Dodging
 * Level 1.3 Stealth
 - Level 2.0 Spellcasting
 + Level 3.0 Charms


You had one spell level left.
You knew the following spells:

 Your Spells              Type           Power        Failure   Level  Hunger
a - Shroud of Golubria    Chrm/Tloc      #.........   26%         2    ###....
b - Song of Slaying       Chrm           #.......     14%         2    ###....
c - Infusion              Chrm           #...         9%          1    ##.....


Dungeon Overview and Level Annotations

Branches:
Dungeon (2/15)

Altars:

Annotations:
D:2 Sigmund, Terence


Innate Abilities, Weirdness & Mutations

You have sharp toenails.
You are slightly more attuned to the shadows.


Message History

Terence is severely wounded.
Terence closely misses you.
You closely miss Terence.
Terence is severely wounded.
Terence closely misses you.
You hit Terence but do no damage. You claw Terence, but do no damage.
Terence is severely wounded.
Terence hits you with a falchion.
* * * LOW HITPOINT WARNING * * *
You hit Terence but do no damage.
Terence is severely wounded.
Terence hits you with a falchion.
* * * LOW HITPOINT WARNING * * *
You hit Terence but do no damage.
Terence is severely wounded.
Terence hits you but does no damage.
You hit Terence but do no damage. Your kick misses Terence.
Terence is severely wounded.
Terence hits you with a falchion.
You die...

#..#.<..#)..#...
############.
##....# .......
......# .......
.###....# ..(....
.......#
###########.
#.....####...#.†#
#.#
#...@...##.#.#.##
#.# #@...##.....#
#.#
###...###...##
#.# ##>........#
#.# ##.####...#
#.# #..###...#
#.# ##......##
#.# ####....###.#
#........÷.#
...##.##.####


You could see Terence.

Vanquished Creatures
  An adder (D:2)
  3 dart slugs (D:1)
  A leopard gecko (D:1)
  4 bats
  4 goblins
  4 hobgoblins (D:1)
  2 kobolds
  2 frilled lizards
  6 rats
27 creatures vanquished.

Notes
Turn   | Place    | Note
-------+----------+-------------------------------------------
     0 | D:1      | Ivernyr the Demonspawn Skald began the quest for the Orb.
     0 | D:1      | Reached XP level 1. HP: 16/16 MP: 3/3
    51 | D:1      | Reached skill level 1 in Armour
   451 | D:1      | Gained mutation: You are slightly more attuned to the shadows. [demonic ancestry]
   451 | D:1      | Reached XP level 2. HP: 22/22 MP: 5/5
  1000 | D:1      | Learned a level 2 spell: Song of Slaying
  1003 | D:1      | Learned a level 2 spell: Shroud of Golubria
  1487 | D:1      | Reached skill level 1 in Stealth
  1497 | D:1      | Gained mutation: You have sharp toenails. [demonic ancestry]
  1497 | D:1      | Reached XP level 3. HP: 26/27 MP: 6/6
  1533 | D:2      | Noticed Sigmund
  1634 | D:2      | Reached skill level 3 in Charms
  1918 | D:2      | Noticed Terence
  1954 | D:2      | Slain by Terence

Skill      XL: |  1  2  3 |
---------------+----------+-----
Armour         | 1 |  1.6
Stealth        | 1 |  1.3
Charms         | 3 |  3.0
Fighting       | |  2.1
Short Blades   | |  0.7
Long Blades    | |  1.9
Dodging        | |  1.7
Spellcasting   | |  2.0

Action                   || total
-------------------------++-------
Melee: Falchion          ||    19
       Dagger            ||   125
       Kick              ||    14
 Cast: Shroud of Golubri ||     2
  Use: Scroll            ||     2
 Stab: Sleeping          ||     4
  Eat: Chunk             ||     3
Armor: Leather armour    ||    45
Dodge: Dodged            ||    82
       Rpst.: Falchion   ||     4
